 Dungeon Crawl Stone Soup version 0.21.1-1-g345015f (webtiles) character file.

373250 xccam the Slayer (level 21, -1/206 HPs)
             Began as a Minotaur Berserker on Feb 13, 2018.
             Was the Champion of Trog.
             Splashed by an acid blob's acid (3 damage)
             ... while paralysed by a floating eye
             ... on level 3 of the Pits of Slime.
             The game lasted 01:56:02 (36079 turns).

xccam the Slayer (Minotaur Berserker)              Turns: 36079, Time: 01:56:03

Health: -1/206     AC: 16    Str: 32    XL:     21   Next: 74%
Magic:  6/15       EV:  2    Int:  5    God:    Trog [******]
Gold:   2950       SH:  0    Dex: 17    Spells: 20/20 levels left

rFire    + + .     SeeInvis .   u - +5 demon whip of Lohedaoc {elec, +Rage rElec rC+ Str+6}
rCold    + + .     Gourm    +   y - +0 shield {reflect}
rNeg     + . .     Faith    .   P - +2 acid dragon scales
rPois    .         Spirit   .   A - +0 hat {MR+}
rElec    +         Reflect  +   q - scarf {repulsion}
rCorr    +         Harm     .   d - +1 pair of gloves
MR       ++...     Rnd*Rage +   t - +0 pair of boots Stlth +.........Rnd*Tele +
                                v - amulet of the gourmand
HPRegen  0.44/turn              C - ring of protection from fire
MPRegen  0.14/turn              i - ring "Qeeresoc" {rC+ rN+ Int+2}

@: confused, paralysed, corroded, repel missiles
A: retaliatory headbutt, beak, horns 2, slimy green scales 1, agile 1, berserk
1, dopey 1, fire resistance 1, low mp 2, teleportitis 1, MP-powered wands,
sturdy frame 1
}: 2/15 runes: decaying, serpentine
a: Berserk, Trog's Hand, Brothers in Arms, Burn Spellbooks, Renounce Religion,
Evoke Berserk Rage


You were on level 3 of the Pits of Slime.
You worshipped Trog.
Trog was exalted by your worship.
You were not hungry.

You visited 8 branches of the dungeon, and saw 40 of its levels.
You also visited: Labyrinth, Ice Cave and Volcano.

You collected 4250 gold pieces.
You spent 1300 gold pieces at shops.

Inventory:

Hand Weapons
 u - the +5 demon whip of Lohedaoc (weapon) {elec, +Rage rElec rC+ Str+6}
   (Trog gifted it to you on level 1 of the Orcish Mines)

   Occasionally, upon striking a foe, it will discharge some electrical energy
   and cause terrible harm.
   It affects your strength (+6).
   It protects you from cold.
   It insulates you from electricity.
   It lets you go berserk.
Armour
 d - a +1 pair of gloves (worn)
 q - a scarf of repulsion (worn)
 t - a +0 pair of boots (worn)
 w - +0 swamp dragon scales
 y - a +0 shield of reflection (worn)
 A - a +0 hat of magic resistance (worn)
 D - a +0 crystal plate armour
 P - +2 acid dragon scales (worn)
 V - the +9 plate armour of Dramatic Exits {SInv}
   (You found it on level 4 of the Lair of Beasts)

   It lets you see invisible.
Jewellery
 b - a +4 ring of evasion
 i - the ring "Qeeresoc" (right hand) {rC+ rN+ Int+2}
   (You found it on level 14 of the Dungeon)

   [ring of positive energy]

   It affects your intelligence (+2).
   It protects you from cold.
   It protects you from negative energy.
 p - an uncursed ring of protection from magic
 v - an amulet of the gourmand (around neck)
 C - a ring of protection from fire (left hand)
 K - a +3 ring of protection
 Q - an uncursed ring of protection from fire
 T - an uncursed ring of protection from magic
Wands
 a - a wand of iceblast (34)
 h - a wand of digging (26)
 s - a wand of acid (42)
Scrolls
 f - 10 scrolls of enchant armour
 g - a scroll of magic mapping
 l - 16 scrolls of teleportation
 m - 13 scrolls of remove curse
 o - 10 scrolls of identify
 G - 2 scrolls of fear
 H - 7 scrolls of blinking
 I - 2 scrolls of brand weapon
 J - 7 scrolls of fog
 U - 4 scrolls of enchant weapon
 W - 3 scrolls of summoning
Potions
 e - 11 potions of curing
 k - 5 potions of heal wounds
 n - 4 potions of agility
 x - 8 potions of lignification
 z - 2 potions of resistance
 E - a potion of cancellation
 F - 3 potions of might
 L - 7 potions of flight
 M - 4 potions of haste
Comestibles
 c - 40 rations


   Skills:
 + Level 21.8 Fighting
 - Level 16.1 Maces & Flails
 + Level 20.7 Armour
 + Level 21.5 Dodging
 - Level 19.0 Shields


You had 20 spell levels left.
You didn't know any spells.

Dungeon Overview and Level Annotations

Branches:
Dungeon (15/15)            Temple (0/1) D:4            Lair (6/6) D:11
  Swamp (4/4) Lair:2        Snake (4/4) Lair:2        Slime (3/5) Lair:6
    Orc (2/2) D:12            Elf (0/3) Orc:2        Vaults (4/5) D:14
  Crypt (0/3) Vaults:3     Depths (1/5) D:15

Altars:
Ashenzari
Cheibriados
Dithmenos
Fedhas
Gozag
Kikubaaqudgha
Makhleb
Nemelex Xobeh
Okawaru
Ru
Sif Muna
Vehumet
Wu Jian
Xom
Yredelemnul
Zin
The Shining One
Beogh
Jiyva

Shops:
D:10 *   Orc:1 }   Orc:2 =:?*   Snake:3 [   Vaults:1 [   Vaults:2 =
Vaults:3 =   Depths:1 }[%[

Portals:
Hell: D:15 Depths:1*
Abyss: Depths:1

Annotations:
Slime:3 Dissolution
Vaults:5 Mgcat's ghost, veteran GrGl


Innate Abilities, Weirdness & Mutations

You reflexively headbutt those who attack you in melee.
You have a pair of horns on your head.
You have a beak for a mouth.
You are partially covered in slimy green scales. (AC +2)
You are agile. (Dex +2)
You tend to lose your temper in combat.
You are dopey. (Int -2)
Your flesh is heat resistant. (rF+)
Your magical capacity is very low. (-20% MP)
You are occasionally teleported next to monsters.
You expend magic power (3 MP) to strengthen your wands.
Your movements are slightly less encumbered by armour. (ER -2)


Message History

The acid burns!
You resist. The eye of draining gazes at you.
You feel your power leaking away. The eye of draining gazes at you.
You feel your power leaking away. The acid blob hits you!!
You are splashed with acid!
The acid burns!
You resist.
* * * LOW HITPOINT WARNING * * *
Dissolution hits you.
* * * LOW HITPOINT WARNING * * *
You are splashed with acid!
The acid burns!
You resist.
* * * LOW HITPOINT WARNING * * *
Dissolution hits you!
* * * LOW HITPOINT WARNING * * *
You are splashed with acid!
The acid burns!
You resist.
* * * LOW HITPOINT WARNING * * *
The acid blob hits you!!
* * * LOW HITPOINT WARNING * * *
You are splashed with acid!
The acid burns!
You resist.
You die...

.....#...#......###
......#...#.......###
......##.####.......##
#.....######.........#
##.....# #..........##
####.## ##..........#
## ##.........##
#............
#..GG@.......
##..JJG......
........G.......
.........#......
.......>......#.
..............#
.....##........# #..##
##.###..## ### ### ###


You could see Dissolution, an acid blob, 2 eyes of draining and 2 floating eyes.

Vanquished Creatures
  Mara (Swamp:4)
  Bai Suzhen (Vaults:5)
  A golden dragon (Vaults:5)
  Nikola (Swamp:1)
  2 liches
  Jorgrun (Swamp:4)
  Rupert (D:14)
  A tentacled monstrosity (Swamp:1)
  2 titans (Vaults:4)
  4 acid blobs
  2 sphinxes
  Gastronok (D:8)
  A tengu reaver (Depths:1)
  Donald (Swamp:1)
  Roxanne (Swamp:1)
  2 azure jellies (Slime:1)
  9 nagarajas
  2 fire giants
  An orc warlord (Orc:2)
  2 frost giants
  An iron dragon (Vaults:4)
  8 vault wardens
  Louise (Snake:3)
  Aizul (Swamp:1)
  3 very ugly things (Vaults:3)
  8 ironheart preservers
  6 stone giants
  2 deep elf annihilators
  2 entropy weavers
  The ghost of Mgcat the Fighter, a journeyman GrGl of Ru (Lair:5)
  2 deep elf death magi (Vaults:1)
  3 ettins
  A minotaur (Lab)
  4 fire dragons
  An eidolon (Vaults:3)
  4 yaktaur captains
  10 great orbs of eyes
  Harold (Orc:1)
  18 hydras
  The ghost of theElss the Basher, a journeyman GrBe of Trog (D:13)
  5 ice dragons
  10 naga warriors
  2 rakshasas
  29 vault guards
  2 ghost crabs (Swamp:2)
  Erica (D:11)
  10 centaur warriors
  8 anacondas
  5 tengu warriors
  13 alligators
  14 ogre magi
  53 two-headed ogres
  A vampire mage (D:15)
  3 deep troll earth magi (Depths:1)
  Urug (D:14)
  5 deep troll shamans (Depths:1)
  The ghost of Monsterracer the Thaumaturge, a novice GnWz of Sif Muna (D:8)
  A dancing weapon (Vaults:4)
  6 shock serpents
  4 deep elf knights
  12 naga sharpshooters
  2 iron trolls (Depths:1)
  A skeletal warrior (D:15)
  A shadow wraith (Vaults:4)
  3 spriggan druids
  6 naga ritualists
  9 salamander mystics
  15 deep trolls
  13 ironbrand convokers
  8 swamp dragons
  6 wizards
  A flayed ghost (Depths:1)
  6 deep elf archers
  2 glowing orange brains
  An unseen horror (D:15)
  2 shambling mangroves
  2 phantasmal warriors
  2 lindwurms (Swamp:4)
  Pikel (D:8)
  8 orc knights
  20 mana vipers
  18 deep elf magi
  7 orc sorcerers
  The ghost of ximkin the Transmogrifier, a novice DrTm (D:6)
  7 wolf spiders
  31 ugly things
  3 shining eyes
  2 manticores
  7 cyclopes
  11 salamanders
  An ice statue (IceCv)
  A guardian serpent (shapeshifter) (Vaults:3)
  15 elephants
  Joseph (Lair:1)
  4 guardian serpents (Snake:4)
  A torpor snail (shapeshifter) (Vaults:1)
  7 vault sentinels
  37 black mambas
  19 naga magi
  2 gargoyles
  A smoke demon (Volcano)
  Psyche (D:8)
  An eye of devastation (Slime:1)
  22 spiny frogs
  5 komodo dragons
  4 rime drakes
  29 yaktaurs
  A kobold demonologist (D:8)
  A rime drake (shapeshifter) (D:15)
  A redback zombie (D:12)
  4 freezing wraiths
  A red devil (Volcano)
  3 meliai (D:13)
  2 queen bees
  3 trolls
  A troll (shapeshifter) (Vaults:3)
  A jumping spider (Vaults:3)
  A hornet (shapeshifter) (Vaults:3)
  11 hornets
  6 tyrant leeches
  2 polar bears
  A sphinx simulacrum (Vaults:3)
  89 slime creatures
  Prince Ribbit (D:5)
  A hippogriff (shapeshifter) (Vaults:1)
  7 hippogriffs
  3 blink frogs (Lair:6)
  11 bog bodies
  2 spriggans (shapeshifter)
  12 spriggans
  A tarantella (shapeshifter) (Vaults:3)
  Sigmund (D:3)
  6 redbacks
  A tarantella (Vaults:4)
  3 water elementals (Depths:1)
  A vampire (D:12)
  3 wraiths
  3 shadows
  25 yaks
  A wyvern (Lair:3)
  2 basilisks (D:11)
  16 humans
  A fire elemental (Lair:6)
  3 hungry ghosts
  9 golden eyes
  Grum (D:8)
  18 vampire mosquitoes
  A human simulacrum (Vaults:2)
  4 wargs
  2 neqoxecs (Swamp:2)
  10 insubstantial wisps
  57 nagas
  17 swamp worms
  4 acid dragons
  32 water moccasins
  2 hell hounds (Volcano)
  Duvessa (D:5)
  6 porcupines
  A swamp drake (shapeshifter) (Depths:1)
  A floating eye (shapeshifter) (Vaults:1)
  3 slaves (D:8)
  12 swamp drakes
  A sky beast (D:15)
  27 orc warriors
  2 eyes of draining
  9 ice beasts
  3 black bears
  38 wolves
  3 boggarts
  50 ogres
  2 phantoms
  15 crocodiles
  16 centaurs
  16 big kobolds
  14 bullfrogs
  2 wyvern zombies
  Dowan (D:5)
  2 scorpions
  33 killer bees
  9 wights
  10 howler monkeys
  4 electric eels
  4 crimson imps
  2 bullfrog zombies
  3 lava snakes (Lair:6)
  3 jellies
  3 centaur zombies
  5 hounds
  2 quasits
  12 orc priests
  An iron imp (D:10)
  22 orc wizards
  2 bullfrog skeletons
  3 centaur skeletons
  4 hell rats (Lair:6)
  Natasha (thrice) (D:4)
  4 iguanas
  9 worker ants
  A hound skeleton (D:10)
  Robin (D:3)
  10 gnolls
  A howler monkey skeleton (D:10)
  31 adders
  7 shadow imps
  A white imp (D:10)
  An ooze (D:4)
  An adder skeleton (D:7)
  A worm (D:4)
  2 dart slugs
  4 leopard geckos
  80 orcs
  4 bats
  4 giant cockroaches
  2 gnoll zombies (D:2)
  18 goblins
  10 hobgoblins
  3 jackals (D:4)
  2 quokkas
  5 frilled lizards
  2 giant cockroach zombies (D:5)
  2 jackal skeletons
  A jackal zombie (D:5)
  25 kobolds
  2 leopard gecko skeletons
  A quokka zombie (D:7)
  4 rats
1626 creatures vanquished.

Vanquished Creatures (collateral kills)
  A vault warden (Vaults:5)
  A naga sharpshooter (Snake:4)
  A spriggan druid (Swamp:4)
  A swamp dragon (Swamp:4)
  A naga ritualist (Snake:4)
  An ugly thing (IceCv)
  An ice statue (IceCv)
  3 hornets (Lair:6)
  3 polar bears (Lair:6)
  6 spriggans (Lair:6)
  2 nagas (Snake:4)
  A water moccasin (Lair:6)
  2 black bears (Lair:6)
  A wolf (Lair:6)
  3 boggarts (Lair:6)
28 creatures vanquished.

Vanquished Creatures (others)
  A fire giant (Vaults:5)
  A vault guard (Vaults:5)
  2 two-headed ogres
  A centaur warrior (Depths:1)
  A naga sharpshooter (Snake:2)
  A swamp dragon (Swamp:1)
  A lindwurm (Swamp:4)
  A deep elf archer (Vaults:2)
  3 yaktaurs
  A tyrant leech (Swamp:1)
  A bog body (Swamp:1)
  A spriggan (Swamp:4)
  A water elemental (Depths:1)
  A naga (Snake:4)
  2 ogres
  5 centaurs
  An orc wizard (D:14)
  A bush (D:11)
  3 fungi (D:11)
  8 plants (D:11)
37 creatures vanquished.

Grand Total: 1691 creatures vanquished

Notes
Turn   | Place    | Note
-------+----------+-------------------------------------------
     0 | D:1      | xccam the Minotaur Berserker began the quest for the Orb.
     0 | D:1      | Reached XP level 1. HP: 19/19 MP: 0/0
   292 | D:1      | Reached XP level 2. HP: 26/26 MP: 1/1
   649 | D:2      | Reached skill level 5 in Maces & Flails
   649 | D:2      | Reached XP level 3. HP: 30/31 MP: 2/2
   820 | D:2      | Found a shadowy altar of Dithmenos.
  1037 | D:2      | Reached ** piety under Trog
  1322 | D:2      | Found a basalt altar of Yredelemnul.
  1395 | D:2      | Found a shattered altar of Ashenzari.
  1472 | D:3      | Noticed Sigmund
  1480 | D:3      | Killed Sigmund
  1480 | D:3      | Reached XP level 4. HP: 39/39 MP: 3/3
  1480 | D:3      | Reached XP level 5. HP: 45/45 MP: 4/4
  1547 | D:3      | Noticed Robin
  1660 | D:3      | Killed Robin
  1691 | D:3      | Reached XP level 6. HP: 51/51 MP: 5/5
  2407 | D:4      | Noticed Natasha
  2415 | D:4      | Killed Natasha
  2417 | D:4      | Reached *** piety under Trog
  2482 | D:4      | Reached XP level 7. HP: 38/57 MP: 6/6
  2706 | D:4      | Noticed Natasha
  2717 | D:4      | Killed Natasha
  2717 | D:4      | Reached skill level 10 in Maces & Flails
  2828 | D:4      | Found a blossoming altar of Fedhas.
  2888 | D:4      | Found an opulent altar of Gozag.
  2890 | D:4      | Found a sparkling altar of Nemelex Xobeh.
  2979 | D:4      | Noticed Natasha
  2983 | D:4      | Killed Natasha
  3100 | D:4      | Found a staircase to the Ecumenical Temple.
  3183 | D:4      | Found a glowing golden altar of the Shining One.
  3183 | D:4      | Found an ornate altar of the Wu Jian Council.
  3194 | D:5      | Entered Level 5 of the Dungeon
  3223 | D:5      | Found a sacrificial altar of Ru.
  3426 | D:5      | Reached XP level 8. HP: 64/64 MP: 7/7
  3588 | D:5      | Reached **** piety under Trog
  3635 | D:5      | Found a sacrificial altar of Ru.
  3700 | D:5      | Noticed Prince Ribbit
  3711 | D:5      | Killed Prince Ribbit
  3732 | D:5      | Noticed Duvessa
  3732 | D:5      | Noticed Dowan
  3739 | D:5      | Killed Duvessa
  3748 | D:5      | Killed Dowan
  4005 | D:6      | Noticed ximkin's ghost (novice DrTm)
  4018 | D:6      | Reached skill level 1 in Shields
  4039 | D:6      | Killed ximkin's ghost
  4039 | D:6      | Reached skill level 5 in Armour
  4039 | D:6      | Reached XP level 9. HP: 67/71 MP: 8/8
  4202 | D:6      | Reached skill level 5 in Dodging
  4207 | D:6      | Found a shadowy altar of Dithmenos.
  4272 | D:6      | Found an iron altar of Okawaru.
  4274 | D:6      | Found a glowing silver altar of Zin.
  4274 | D:6      | Found a shimmering altar of Xom.
  4276 | D:6      | Found a shadowy altar of Dithmenos.
  4276 | D:6      | Found a snail-covered altar of Cheibriados.
  4276 | D:6      | Found a sparkling altar of Nemelex Xobeh.
  4423 | D:6      | Found an ancient bone altar of Kikubaaqudgha.
  4855 | D:7      | Found a radiant altar of Vehumet.
  4867 | D:7      | Reached ***** piety under Trog
  4904 | D:7      | Gained mutation: Scrolls take you a little longer to read. [potion of mutation]
  4904 | D:7      | Gained mutation: Your flesh is heat resistant. (rF+) [potion of mutation]
  5615 | D:8      | Noticed a kobold demonologist
  5630 | D:8      | Noticed Grum
  5652 | D:8      | Killed Grum
  5676 | D:8      | Killed a kobold demonologist
  5710 | D:8      | Reached skill level 5 in Shields
  5710 | D:8      | Reached XP level 10. HP: 78/78 MP: 9/9
  5813 | D:8      | Noticed Psyche
  5832 | D:8      | Killed Psyche
  5879 | D:8      | Noticed Monsterracer's ghost (novice GnWz)
  5902 | D:8      | Noticed Pikel
  5983 | D:8      | Killed Monsterracer's ghost
  6059 | D:8      | Noticed Gastronok
  6074 | D:8      | Killed Gastronok
  6074 | D:8      | Reached skill level 10 in Armour
  6138 | D:8      | Killed Pikel
  6140 | D:8      | Received a gift from Trog
  6264 | D:8      | Reached XP level 11. HP: 84/84 MP: 10/10
  6609 | D:9      | Noticed a two-headed ogre
  6615 | D:9      | Killed a two-headed ogre
  7094 | D:9      | Found a snail-covered altar of Cheibriados.
  7185 | D:9      | Found an iron altar of Okawaru.
  7339 | D:10     | Entered Level 10 of the Dungeon
  7513 | D:10     | Noticed a deep elf mage
  7518 | D:10     | Killed a deep elf mage
  7519 | D:10     | Noticed a deep elf mage
  7524 | D:10     | Killed a deep elf mage
  7608 | D:10     | Found Vor Fuucw's Assorted Antiques.
  7721 | D:10     | Reached skill level 15 in Maces & Flails
  7738 | D:10     | Noticed a two-headed ogre
  7744 | D:10     | Killed a two-headed ogre
  8136 | D:10     | Received a gift from Trog
  8355 | D:11     | Noticed a tengu warrior
  8358 | D:11     | Noticed Erica
  8358 | D:11     | Noticed a tengu warrior
  8366 | D:11     | Killed a tengu warrior
  8372 | D:11     | Killed a tengu warrior
  8399 | D:11     | Killed Erica
  8399 | D:11     | Reached XP level 12. HP: 38/92 MP: 11/11
  8576 | D:11     | Found a staircase to the Lair.
  8603 | D:11     | Reached skill level 10 in Dodging
  8605 | D:11     | Reached skill level 5 in Fighting
  9130 | Lair:1   | Entered Level 1 of the Lair of Beasts
  9306 | Lair:1   | Noticed a seven-headed hydra
  9315 | Lair:1   | Killed a seven-headed hydra
  9319 | Lair:1   | Found a burning altar of Makhleb.
  9572 | Lair:1   | Noticed Joseph
  9585 | Lair:1   | Killed Joseph
 10010 | Lair:2   | Found a staircase to the Snake Pit.
 10118 | Lair:2   | Found a staircase to the Swamp.
 11115 | Lair:3   | Received a gift from Trog
 11282 | Lair:3   | Lost mutation: Scrolls take you a little longer to read. [potion of mutation]
 11282 | Lair:3   | Gained mutation: You have supernaturally acute eyesight. (SInv) [potion of mutation]
 11282 | Lair:3   | Gained mutation: You have a beak for a mouth. [potion of mutation]
 11907 | Lair:4   | Reached XP level 13. HP: 105/105 MP: 12/12
 12162 | Lair:4   | Got a translucent plate armour
 12163 | Lair:4   | Identified the +9 plate armour of Dramatic Exits {SInv} (You found it on level 4 of the Lair of Beasts)
 12823 | Lair:5   | Found a dark tunnel.
 12832 | Volcano  | Entered a volcano
 13090 | Lair:5   | Found a frozen archway.
 13106 | IceCv    | Entered an ice cave
 13120 | IceCv    | Reached skill level 10 in Shields
 13177 | IceCv    | Found a transporter.
 13331 | Lair:5   | Received a gift from Trog
 13392 | Lair:5   | Noticed Mgcat's ghost (journeyman GrGl)
 13423 | Lair:5   | Killed Mgcat's ghost
 13431 | Lair:5   | Found a deep blue altar of Sif Muna.
 13846 | Lair:6   | Entered Level 6 of the Lair of Beasts
 13869 | Lair:6   | Reached ****** piety under Trog
 13937 | Lair:6   | Found a labyrinth entrance.
 13991 | Lab      | Entered a labyrinth
 14477 | Lab      | Noticed a minotaur
 14488 | Lab      | Killed a minotaur
 14555 | Lair:6   | Reached XP level 14. HP: 112/118 MP: 13/13
 14584 | Lair:6   | Reached skill level 15 in Armour
 14761 | Lair:6   | Found a viscous altar of Jiyva.
 15109 | Lair:6   | Found a staircase to the Slime Pits.
 15259 | Lair:6   | Reached skill level 10 in Fighting
 15326 | Lair:6   | Received a gift from Trog
 15920 | D:12     | Found a staircase to the Orcish Mines.
 16878 | D:13     | Noticed theElss's ghost (journeyman GrBe)
 16891 | D:13     | Killed theElss's ghost
 17153 | D:14     | Found a gate to the Vaults.
 17153 | D:14     | Noticed Rupert
 17153 | D:14     | Noticed Urug
 17161 | D:13     | Received a gift from Trog
 17179 | D:14     | Killed Rupert
 17197 | D:14     | Reached XP level 15. HP: 129/129 MP: 14/14
 17207 | D:14     | Killed Urug
 17266 | D:14     | Found a blossoming altar of Fedhas.
 17324 | D:14     | Got a heavily runed silver ring
 17500 | D:14     | Identified the ring "Qeeresoc" {rC+ rN+ Int+2} (You found it on level 14 of the Dungeon)
 17945 | D:15     | Entered Level 15 of the Dungeon
 18241 | D:15     | Found a staircase to the Depths.
 18524 | Orc:1    | Entered Level 1 of the Orcish Mines
 18577 | Orc:1    | Received a gift from Trog
 18578 | Orc:1    | Got a brightly glowing demon whip {god gift}
 18582 | Orc:1    | Identified the +5 demon whip of Lohedaoc {elec, +Rage rElec rC+ Str+6} (Trog gifted it to you on level 1 of the Orcish Mines)
 18607 | Orc:1    | Found a roughly hewn altar of Beogh.
 18609 | Orc:1    | Found Jonnoq's Gadget Shoppe.
 18895 | Orc:2    | Entered Level 2 of the Orcish Mines
 18971 | Orc:2    | Noticed an orc warlord
 18996 | Orc:2    | Killed an orc warlord
 19156 | Orc:2    | Found a staircase to the Elven Halls.
 19432 | Orc:2    | Received a gift from Trog
 19438 | Orc:2    | Found Pephofoli's Assorted Antiques.
 19438 | Orc:2    | Found Bonis's Magic Scroll Shoppe.
 19440 | Orc:2    | Found Totsua's Book Shoppe.
 19440 | Orc:2    | Found Qatyant's Jewellery Shop.
 19621 | Orc:1    | Noticed Harold
 19631 | Orc:1    | Killed Harold
 19793 | Swamp:1  | Entered Level 1 of the Swamp
 19802 | Swamp:1  | Noticed Nikola
 20229 | Swamp:1  | Killed Nikola
 20301 | Swamp:1  | Noticed Aizul
 20309 | Swamp:1  | Killed Aizul
 20333 | Swamp:1  | Noticed a tentacled monstrosity
 20348 | Swamp:1  | Killed a tentacled monstrosity
 20592 | Swamp:1  | Reached XP level 16. HP: 143/143 MP: 15/15
 20869 | Swamp:1  | Noticed Donald
 20887 | Swamp:1  | Killed Donald
 20936 | Swamp:1  | Noticed Roxanne
 20953 | Swamp:1  | Killed Roxanne
 20953 | Swamp:1  | Received a gift from Trog
 21370 | Swamp:2  | Reached skill level 15 in Dodging
 22323 | Swamp:3  | Reached skill level 15 in Shields
 22583 | Swamp:3  | Received a gift from Trog
 22899 | Swamp:4  | Entered Level 4 of the Swamp
 22992 | Swamp:4  | Noticed Jorgrun
 23011 | Swamp:4  | Killed Jorgrun
 23201 | Swamp:4  | Noticed Mara
 23226 | Swamp:4  | Noticed xccam's illusion
 23264 | Swamp:4  | Killed Mara
 23264 | Swamp:4  | Reached skill level 15 in Fighting
 23264 | Swamp:4  | Reached XP level 17. HP: 50/156 MP: 16/16
 23536 | Swamp:4  | Got a decaying rune of Zot
 23746 | Snake:1  | Entered Level 1 of the Snake Pit
 24243 | Snake:1  | Received a gift from Trog
 25110 | Snake:3  | Found Xushreg's Antique Armour Emporium.
 25131 | Snake:3  | Bought a runed large shield for 225 gold pieces
 25229 | Snake:3  | Noticed Louise
 25244 | Snake:3  | Killed Louise
 25508 | Snake:3  | Received a gift from Trog
 25518 | Snake:3  | Got a dazzling flail {god gift}
 25519 | Snake:3  | Identified the +4 flail of the Hidden Vale {crush, +Fly Stlth+} (Trog gifted it to you on level 3 of the Snake Pit)
 25642 | Snake:4  | Entered Level 4 of the Snake Pit
 25950 | Snake:4  | Reached XP level 18. HP: 159/168 MP: 17/17
 26040 | Snake:4  | Received a gift from Trog
 26493 | Snake:4  | Received a gift from Trog
 26906 | Snake:4  | Got a serpentine rune of Zot
 27132 | Vaults:1 | Entered Level 1 of the Vaults
 27492 | Vaults:1 | Found Oklanen's Armour Emporium.
 27662 | Vaults:1 | Received a gift from Trog
 28032 | Vaults:1 | Reached XP level 19. HP: 170/179 MP: 18/18
 28619 | Vaults:2 | Received a gift from Trog
 29299 | Vaults:2 | Found Caov's Jewellery Boutique.
 29557 | Vaults:3 | Received a gift from Trog
 29864 | Vaults:3 | Found a radiant altar of Vehumet.
 29968 | Vaults:3 | Found a staircase to the Crypt.
 30256 | Vaults:3 | Found Caxuq's Jewellery Emporium.
 30313 | Vaults:3 | Reached XP level 20. HP: 192/192 MP: 19/19
 30830 | Vaults:4 | Received a gift from Trog
 31581 | Vaults:5 | Entered Level 5 of the Vaults
 31949 | Vaults:5 | Noticed Bai Suzhen
 31974 | Vaults:5 | Killed Bai Suzhen
 31988 | Vaults:5 | Noticed a golden dragon
 31992 | Vaults:5 | Received a gift from Trog
 32004 | Vaults:5 | Noticed Mgcat's ghost (veteran GrGl)
 32007 | Vaults:5 | Killed a golden dragon
 32019 | Vaults:5 | HP: 3/195 [titan/the air (17)]
 32020 | Vaults:5 | Noticed a golden dragon
 32937 | Depths:1 | Entered Level 1 of the Depths
 32937 | Depths:1 | Found a gateway to Hell.
 32937 | Depths:1 | Found Teel's Food Boutique.
 33008 | Depths:1 | Reached XP level 21. HP: 203/203 MP: 20/20
 33074 | Depths:1 | HP: 8/204 [phantasmal warrior[a vampire mage] (12)]
 33558 | Depths:1 | Found a one-way gate to the infinite horrors of the Abyss.
 33613 | Depths:1 | Received a gift from Trog
 33782 | Depths:1 | Found Binlonui's Armour Shop.
 33799 | Depths:1 | Found Nomnorank's Gadget Boutique.
 34071 | Depths:1 | Found Jifoater's Antique Armour Shop.
 34081 | Depths:1 | Bought glowing acid dragon scales for 1075 gold pieces
 34352 | Slime:1  | Entered Level 1 of the Pits of Slime
 34972 | Slime:1  | Gained mutation: You expend magic power (3 MP) to strengthen your wands. [a shining eye]
 34975 | Slime:1  | Gained mutation: Your spells are a little easier to cast, but a little less powerful. [a shining eye]
 34980 | Slime:1  | Gained mutation: You are occasionally teleported next to monsters. [a shining eye]
 35191 | Slime:1  | Received a gift from Trog
 35400 | Slime:2  | Found a viscous altar of Jiyva.
 35631 | Slime:2  | Lost mutation: You expend magic power (3 MP) to strengthen your wands. [potion of mutation]
 35631 | Slime:2  | Lost mutation: Your spells are a little easier to cast, but a little less powerful. [potion of mutation]
 35631 | Slime:2  | Lost mutation: You have supernaturally acute eyesight. (SInv) [potion of mutation]
 35631 | Slime:2  | Gained mutation: Your movements are slightly less encumbered by armour. (ER -2) [potion of mutation]
 35631 | Slime:2  | Gained mutation: You are agile. (Dex +2) [potion of mutation]
 35646 | Slime:2  | Gained mutation: You are dopey. (Int -2) [a shining eye]
 35648 | Slime:2  | Gained mutation: You are partially covered in slimy green scales. (AC +2) [a shining eye]
 35664 | Slime:2  | Gained mutation: You tend to lose your temper in combat. [a shining eye]
 35670 | Slime:2  | Gained mutation: Your magical capacity is low. (-10% MP) [a shining eye]
 35672 | Slime:2  | Gained mutation: Your magical capacity is very low. (-20% MP) [a shining eye]
 35982 | Slime:3  | Gained mutation: You expend magic power (3 MP) to strengthen your wands. [a shining eye]
 36067 | Slime:3  | Noticed Dissolution
 36076 | Slime:3  | Paralysed by a floating eye for 4 turns
 36079 | Slime:3  | HP: 2/206 [acid blob (34)]
 36079 | Slime:3  | Splashed by an acid blob's acid

Skill      XL: |  1  2  3  4  5  6  7  8  9 10 11 12 13 14 15 16 17 18 19 20 21 |
---------------+----------------------------------------------------------------+-----
Maces & Flails | 4 5 7 8 9 11 12 16 | 16.1
Fighting       | 4 7 9 11 13 15 16 18 19 20 21 | 21.8
Armour         | 5 8 10 12 14 16 18 19 20 | 20.7
Dodging        | 4 7 9 10 12 13 14 16 17 18 19 20 21 | 21.5
Shields        | 2 5 6 7 9 10 12 14 15 17 18 19 | 19.0

Action                   |  1- 3 |  4- 6 |  7- 9 | 10-12 | 13-15 | 16-18 | 19-21 || total
-------------------------+-------+-------+-------+-------+-------+-------+-------++-------
Melee: Mace              |    75 |    83 |       |       |       |       |       ||   158
       Headbutt          |     4 |    25 |    76 |   125 |   289 |   432 |   506 ||  1457
       Whip              |       |    57 |   397 |   157 |       |       |       ||   611
       Eveningstar       |       |       |       |   600 |   945 |       |       ||  1545
       Peck              |       |       |       |     5 |   262 |   395 |   541 ||  1203
       Demon whip        |       |       |       |       |   275 |  1546 |  1534 ||  3355
Invok: Berserk           |     1 |       |     1 |     5 |     6 |     4 |     4 ||    21
       Trog's Hand       |     1 |       |     1 |     8 |    13 |    21 |    21 ||    65
       Burn Spellbooks   |       |       |     1 |     6 |     7 |     2 |     1 ||    17
       Brothers in Arms  |       |       |       |       |     3 |     2 |     1 ||     6
Evoke: Wand              |       |       |       |       |     3 |     7 |     1 ||    11
  Use: Scroll            |     3 |     2 |     5 |    10 |    16 |     7 |    10 ||    53
       Potion            |       |     1 |     7 |     6 |     1 |     5 |     7 ||    27
 Stab: Sleeping          |       |       |       |       |       |       |     2 ||     2
  Eat: Ration            |     1 |       |     1 |     4 |     6 |     3 |       ||    15
       Chunk             |       |     3 |     9 |    18 |    20 |    36 |    32 ||   118
Armor: Ring mail         |     5 |       |       |       |       |       |       ||     5
       Plate armour      |    35 |    51 |   102 |   259 |   388 |    20 |   307 ||  1162
       Swamp dragon scal |       |       |       |       |    10 |   130 |       ||   140
       Acid dragon scale |       |       |       |       |       |       |    24 ||    24
Dodge: Dodged            |    47 |    68 |   116 |   337 |   601 |   758 |   804 ||  2731
       Deflected         |       |       |       |       |    15 |    64 |    41 ||   120
Block: Shield            |       |       |    74 |   405 |   688 |   924 |   939 ||  3030
       Reflection        |       |       |       |       |       |    91 |   111 ||   202
